 Dungeon Crawl Stone Soup version 0.30-a0-918-g0ff054e9dc (webtiles) character file.

Game seed: 10865506161528499910

6382 Demosthentine the Fighter (level 10, -7/73 HPs)
             Began as a Demonspawn Gladiator on Mar 21, 2023.
             Was a Priest of Hepliaklqana.
             Mangled by a sixfirhy (9 damage)
             ... summoned by an obsidian statue
             ... on level 9 of the Dungeon.
             The game lasted 00:11:56 (7551 turns).

Demosthentine the Fighter (Demonspawn Gladiator)    Turns: 7551, Time: 00:11:56

Health: -7/73      AC:  8    Str: 16    XL:     10   Next: 65%
Magic:  10/10      EV: 21    Int: 10    God:    Hepliaklqana [***...]
Gold:   1302       SH:  0    Dex: 17    Spells: 9/9 levels left

rFire   . . .      SeeInvis .    t - +6 trident of the Lumpy Brambles {freeze, rCorr}
rCold   + . .      Faith    .    (no shield)
rNeg    + . .      Spirit   .    G - +0 leather armour {rC+}
rPois   .          Reflect  .    c - +1 helmet
rElec   .          Rampage  .    u - scarf {repulsion}
rCorr   +                        i - +1 pair of gloves
Will    .....                    (no boots)
Stlth   +                        (no amulet)
HPRegen 0.32/turn                q - ring of positive energy
MPRegen 0.12/turn                (no ring)

@: agile, repel missiles
A: reduced essence, hooves 1, demonic guardian 1, powered by pain 1, sturdy
frame 1
a: Renounce Religion, Recall Ancestor, Ancestor Identity, Transference


You were on level 9 of the Dungeon.
You worshipped Hepliaklqana.
Hepliaklqana was most pleased with you.
You visited 2 branches of the dungeon, and saw 10 of its levels.
You also visited: Ossuary.

You collected 1425 gold pieces.
You spent 123 gold pieces at shops.

Inventory:

Hand Weapons
 t - the +6 trident of the Lumpy Brambles (weapon) {freeze, rCorr}
   (You found it on level 8 of the Dungeon)

   rCorr:     It protects you from acid and corrosion.
Missiles
 e - a javelin (quivered)
 y - a throwing net
 B - 2 silver javelins
Armour
 c - a +1 helmet (worn)
 i - a +1 pair of gloves (worn)
 u - a scarf of repulsion (worn)
 G - a +0 leather armour of cold resistance (worn)
Jewellery
 b - a ring of protection from fire
 h - a +6 ring of dexterity
 q - a ring of positive energy (left hand)
Wands
 d - a wand of iceblast (12)
 r - a wand of flame (30)
 z - a wand of paralysis (14)
Scrolls
 p - 3 scrolls of enchant armour
 w - 3 scrolls of identify
 x - 2 scrolls of magic mapping
 A - a scroll of teleportation
 C - a scroll of fog
Potions
 f - 4 potions of mutation
 g - 5 potions of brilliance
 j - 4 potions of curing
 k - 2 potions of haste
 l - 4 potions of heal wounds
 m - 5 potions of lignification
 n - 3 potions of flight
 o - a potion of magic
 s - a potion of resistance
 v - a potion of berserk rage


   Skills:
 + Level 8.4 Fighting
 + Level 8.0 Polearms
 - Level 1.7 Throwing
 + Level 7.3 Armour
 + Level 8.0 Dodging


You had 9 spell levels left.
You didn't know any spells.
Your spell library contained the following spells:

 Spells                   Type           Power      Damage    Failure   Level
 Sandblast                Erth           0%         2d4       36%         1
 Ensorcelled Hibernation  Hex/Ice        0%         N/A       52%         2
 Passwall                 Tmut/Erth      0%         N/A       52%         2
 Ozocubu's Armour         Ice            0%         N/A       75%         3
 Stone Arrow              Conj/Erth      0%         3d7       75%         3
 Swiftness                Air            0%         N/A       75%         3
 Iskenderun's Battlesphe  Conj           0%         2d6       100%        5
 Iron Shot                Conj/Erth      0%         9d1       100%        6
 Ozocubu's Refrigeration  Ice            0%         4d7       100%        7
 Spellforged Servitor     Conj/Summ      0%         N/A       100%        7


Dungeon Overview and Level Annotations

Branches:
Dungeon (9/15)             Temple (1/1) D:4         Ossuary (visited)
   Lair: D:8-11         Orc: D:9-12

Altars:
Cheibriados
Fedhas
Gozag
Hepliaklqana
Kikubaaqudgha
Makhleb
Okawaru
Qazlal
Ru
Sif Muna
Trog
Uskayaw
Vehumet
Wu Jian
Xom
Yredelemnul

Shops:
D:1 ?   D:6 (

Annotations:
D:9 exclusion: obsidian statue


Innate Abilities, Weirdness & Mutations

Your life essence is reduced to manifest your ancestor. (-10% HP)
You have large cloven feet.
A weak demonic guardian rushes to your aid.
You sometimes gain a little power by taking damage.
Your movements are slightly less encumbered by armour. (ER -2)


Message History

Your quasit barely misses the sixfirhy.
You hit the sixfirhy. You freeze the sixfirhy. You kick the sixfirhy.
The sixfirhy is heavily wounded.
The sixfirhy hits you.
* * * LOW HITPOINT WARNING * * *
The sixfirhy shocks you!
* * * LOW HITPOINT WARNING * * *
Septimus misses the sixfirhy.
Your quasit closely misses the sixfirhy. x2
Your quasit claws the sixfirhy.
Your quasit misses the sixfirhy.
Your quasit completely misses the sixfirhy.
Your quasit claws the sixfirhy but does no damage.
Septimus closely misses the sixfirhy.
You feel much better.
Septimus closely misses the sixfirhy.
Your quasit bites the sixfirhy.
Your quasit misses the sixfirhy.
Your quasit completely misses the sixfirhy.
Your quasit closely misses the sixfirhy.
Your quasit claws the sixfirhy.
Your quasit misses the sixfirhy.
Septimus gestures at the sixfirhy while chanting.
The sixfirhy resists with almost no effort.
You catch the helpless sixfirhy completely off-guard!
You hit the sixfirhy but do no damage. Your kick misses the sixfirhy.
The sixfirhy is severely wounded.
Your quasit closely misses the sixfirhy.
Your quasit barely misses the sixfirhy.
Your quasit completely misses the sixfirhy. x2
Your quasit misses the sixfirhy.
Your quasit closely misses the sixfirhy.
Septimus hits the sixfirhy with a +0 dagger of draining!
The sixfirhy barely misses you.
You barely miss the sixfirhy.
The sixfirhy is almost dead.
The sixfirhy hits you. The sixfirhy shocks you!
* * * LOW HITPOINT WARNING * * *
The sixfirhy hits you!
* * * LOW HITPOINT WARNING * * *
You focus on the pain.
You feel agile all of a sudden. The sixfirhy shocks you!
You die...

....# ....+ ....# ## $#
..# ..
#+#################..#5$=
..#.)...........$)....!88
..#.............@35...:88
#'#.............5R....:88
..#....................[)
..#......................
#'#......................
..'..................$...
..#........>.............
###......................
........................


You could see the friendly Septimus the hexer, a sixfirhy (summoned, ally
target), a crimson imp (summoned) and 2 friendly quasits.

Vanquished Creatures
  The ghost of Demosthentine the Trooper, a novice DsGl of Hepliaklqana (D:8)
  A gargoyle (D:7)
  Psyche (D:8)
  Grinder (D:6)
  6 yaks (D:5)
  A steam dragon (D:6)
  Menkaure (Ossuary)
  2 water moccasins
  An orc warrior (D:9)
  An ice beast (D:5)
  A black bear (D:8)
  A sky beast (D:5)
  3 centaurs
  A scorpion (D:6)
  6 wights
  A bullfrog zombie (D:6)
  A howler monkey (D:8)
  2 quasits (D:8)
  3 hounds
  An orc priest (D:9)
  An iron imp (D:6)
  2 sleepcaps (D:5)
  4 orc wizards
  2 iguanas
  A hound skeleton (D:5)
  3 mummies (Ossuary)
  4 gnolls (D:5)
  5 adders
  A shadow imp (D:5)
  An ufetubus (D:4)
  2 worms
  A dart slug (D:1)
  12 orcs
  9 bats
  9 endoplasms
  3 giant cockroaches
  5 gnoll zombies (Ossuary)
  5 goblins
  8 hobgoblins
  4 jackals (D:1)
  17 kobolds
  2 quokkas
  6 ball pythons
  3 frilled lizards
  5 gnoll skeletons (Ossuary)
  4 goblin skeletons (Ossuary)
  5 goblin zombies (Ossuary)
  3 hobgoblin skeletons (Ossuary)
  3 hobgoblin zombies (Ossuary)
  2 kobold skeletons (Ossuary)
  6 kobold zombies (Ossuary)
  6 orc skeletons (Ossuary)
  2 orc zombies (Ossuary)
  5 rats
  3 rat skeletons (Ossuary)
  3 rat zombies (Ossuary)
193 creatures vanquished.

Vanquished Creatures (collateral kills)
  A deep elf pyromancer (D:9)
  A hornet (D:7)
  2 wyverns
  A sky beast (D:6)
  A black bear (D:8)
  3 centaurs
  2 phantoms (D:6)
  A kobold brigand (D:8)
  Blork the orc (D:4)
  A necrophage (D:5)
  2 wights (D:9)
  A jelly (D:7)
  3 quasits (D:8)
  Crazy Yiuf (D:4)
  A sleepcap (D:8)
  A killer bee zombie (D:6)
  An adder (D:4)
  A shadow imp (D:8)
  2 white imps
  6 orcs
  An endoplasm (D:3)
  A goblin (D:3)
  2 kobolds (D:8)
  A goblin skeleton (Ossuary)
  A kobold skeleton (Ossuary)
  A kobold zombie (Ossuary)
  A rat (D:3)
41 creatures vanquished.

Vanquished Creatures (others)
  3 ancestors
3 creatures vanquished.

Grand Total: 237 creatures vanquished

Notes
Turn   | Place    | Note
-------+----------+-------------------------------------------
     0 | D:1      | Demosthentine the Demonspawn Gladiator began the quest for
                  | the Orb.
     0 | D:1      | Reached XP level 1. HP: 16/16 MP: 1/1
    59 | D:1      | Found The Oracle's Delphic Readings.
   103 | D:1      | Gained mutation: A weak demonic guardian rushes to your
                  | aid. [demonic ancestry]
   103 | D:1      | Reached XP level 2. HP: 8/22 MP: 2/2
   435 | D:1      | Reached skill level 1 in Armour
   437 | D:1      | Reached XP level 3. HP: 28/28 MP: 3/3
  1224 | D:3      | Found a stormy altar of Qazlal.
  1390 | D:3      | Reached XP level 4. HP: 27/34 MP: 4/4
  1468 | D:3      | Found a hazy altar of Hepliaklqana.
  1489 | D:3      | Found a bloodstained altar of Trog.
  1570 | D:3      | Became a worshipper of Hepliaklqana the Forgotten
  2003 | D:4      | Found a sand-covered staircase.
  2011 | Ossuary  | Entered an ossuary
  2140 | Ossuary  | Reached * piety under Hepliaklqana
  2303 | Ossuary  | Gained mutation: You sometimes gain a little power by
                  | taking damage. [demonic ancestry]
  2303 | Ossuary  | Reached XP level 5. HP: 36/36 MP: 5/5
  2379 | Ossuary  | Noticed Menkaure
  2411 | Ossuary  | Killed Menkaure
  2412 | Ossuary  | Gained mutation: Your movements are slightly less
                  | encumbered by armour. (ER -2) [demonic ancestry]
  2412 | Ossuary  | Reached XP level 6. HP: 32/42 MP: 6/6
  2697 | D:4      | Found a runed translucent door.
  2698 | D:4      | Noticed Crazy Yiuf
  2706 | D:4      | Killed Crazy Yiuf
  2724 | D:4      | Noticed Blork the orc
  2735 | D:4      | Killed Blork the orc
  2773 | D:4      | Found a staircase to the Ecumenical Temple.
  2934 | Temple   | Entered the Ecumenical Temple
  3167 | D:1      | Bought a scroll of brand weapon for 123 gold pieces
  3229 | D:5      | Entered Level 5 of the Dungeon
  3311 | D:5      | Found a radiant altar of Vehumet.
  3322 | D:5      | Noticed an ice beast
  3340 | D:5      | Killed an ice beast
  3341 | D:5      | Gained mutation: You have large cloven feet. [demonic
                  | ancestry]
  3341 | D:5      | Reached XP level 7. HP: 25/48 MP: 7/7
  3718 | D:5      | Noticed a yak
  3719 | D:5      | Noticed a yak
  3720 | D:5      | Noticed a yak
  3722 | D:5      | Noticed a yak
  3724 | D:5      | Noticed a yak
  3725 | D:5      | Noticed a yak
  3726 | D:5      | Killed a yak
  3731 | D:5      | Killed a yak
  3736 | D:5      | Killed a yak
  3741 | D:5      | Killed a yak
  3742 | D:5      | Reached skill level 5 in Fighting
  3742 | D:5      | Reached skill level 5 in Polearms
  3742 | D:5      | Reached skill level 5 in Dodging
  3742 | D:5      | Reached XP level 8. HP: 22/55 MP: 8/8
  4378 | D:5      | Found a burning altar of Makhleb.
  4572 | D:6      | Reached skill level 5 in Armour
  4645 | D:6      | Found a snail-covered altar of Cheibriados.
  4650 | D:6      | Noticed Grinder
  4661 | D:6      | Killed Grinder
  4662 | D:6      | Reached XP level 9. HP: 58/62 MP: 9/9
  4995 | D:6      | Found Amuischi's Antique Weapon Shop.
  5156 | D:6      | Found a basalt altar of Yredelemnul.
  5364 | D:7      | Paralysed by a hornet for 1 turns
  5373 | D:7      | Paralysed by a hornet for 3 turns
  5374 | D:7      | HP: 3/63 [hornet (8)]
  5588 | D:7      | Noticed a gargoyle
  5603 | D:7      | Killed a gargoyle
  5672 | D:7      | Reached ** piety under Hepliaklqana
  5687 | D:7      | Remembered your ancestor Septimus as a hexer
  5791 | D:7      | Found an ornate altar of the Wu Jian Council.
  5821 | D:7      | Found a hide-covered altar of Uskayaw.
  6210 | D:7      | Identified a scroll of acquirement
  6210 | D:7      | Acquired 1040 gold pieces
  6348 | D:8      | Reached XP level 10. HP: 60/71 MP: 10/10
  6410 | D:8      | Found a transporter.
  6616 | D:8      | Found a blossoming altar of Fedhas.
  6674 | D:8      | Found a transporter.
  6678 | D:8      | Reached *** piety under Hepliaklqana
  6722 | D:8      | Noticed Psyche
  6729 | D:8      | Killed Psyche
  6838 | D:8      | Noticed Demosthentine's ghost (novice DsGl)
  7231 | D:8      | Killed Demosthentine's ghost
  7239 | D:8      | Identified the +6 trident of the Lumpy Brambles {freeze,
                  | rCorr}
  7361 | D:9      | Noticed a deep elf pyromancer
  7367 | D:9      | Killed a deep elf pyromancer
  7538 | D:9      | Noticed an obsidian statue
  7540 | D:9      | Noticed a sixfirhy
  7551 | D:9      | HP: 2/73 [sixfirhy[an obsidian statue] (11)]
  7551 | D:9      | Mangled by a sixfirhy

Illustrated notes

Levels and vault maps discovered:
D:1:      amcnicky_arrival_blooded_trapdoor, layout_basic, solitary_fountain,
          nicolae_nh_oracle_at_delphi
D:2:      layout_rooms
D:3:      layout_basic, trog_hazing_becter, mainiacjoe_overflow_cross_hatched,
          mainiacjoe_overflow_six_doors_small
D:4:      layout_rooms, minmay_temple_entry_fiery, enter_ossuary_2,
          uniq_crazy_yiuf_cottage, uniq_blork_the_orc
D:5:      layout_loops_ring, vehumet_crystals, makhleb_blood_cavern_becter
D:6:      layout_rooms, lemuel_zombie_altar_yredelemnul, slow_altar_1,
          serial_shops, nicolae_stop_n_shop_1, skrybe_limestone_x, uniq_grinder
D:7:      layout_rooms, nzn_wu_jian_contemplation,
          nicolae_uskayaw_murder_on_the_dancefloor
D:8:      layout_basic, fedhas_bush_and_centaur_altar, kennysheep_little_box,
          gammafunk_ghost_stat_death, st_stairs_2, uniq_psyche
D:9:      layout_grid_maze, erik_orc_4, enter_bailey_5, serial_shops, shop,
          minmay_protected_statue
Temple:   hellmonk_temple_flake

Skill      XL: |  1  2  3  4  5  6  7  8  9 10 |
---------------+-------------------------------+-----
Dodging        | 3 4 5 6 7 8 |  8.0
Polearms       | 3 4 5 6 7 8 |  8.0
Armour         | 1 2 3 4 5 6 7 |  7.3
Fighting       | 3 4 5 6 7 8 |  8.4
Throwing       | |  1.7

Action                     |  1- 3 |  4- 6 |  7- 9 | 10-12 || total
---------------------------+-------+-------+-------+-------++-------
  Melee: Trident           |   171 |   269 |   291 |   114 ||   845
         Punch             |     1 |     3 |     2 |     1 ||     7
         Kick              |       |       |    66 |    24 ||    90
  Throw: Throwing net      |       |     4 |       |       ||     4
 Invoke: Recall Ancestor   |       |       |     1 |       ||     1
         Ancestor Life: He |       |       |     1 |       ||     1
    Use: Scroll            |     4 |     6 |     8 |       ||    18
         Potion            |       |     6 |     6 |     4 ||    16
   Stab: Sleeping          |     1 |     2 |     1 |       ||     4
         Distracted        |       |     1 |     8 |     3 ||    12
         Held in net/web   |       |     1 |       |       ||     1
         Confused          |       |       |     1 |     1 ||     2
 Armour: Leather armour    |    47 |    66 |    59 |    16 ||   188
         Skin              |       |       |    34 |       ||    34
  Dodge: Dodged            |    95 |   108 |   161 |    66 ||   430
         Repelled          |       |       |     7 |       ||     7

Table legend: (Time is in decaauts)
 A = Elapsed time spent in this place.
 B = Non-inter-level travel time spent in this place.
 C = Inter-level travel time spent in this place.
 D = Time resting spent in this place.
 E = Time spent auto-exploring this place.
 F = Levels seen in this place.
 G = Mean time per level.
                   A        B        C        D        E       F      G
               +--------+--------+--------+--------+--------+-----+--------+
         Total |   7581 |   7204 |    377 |    349 |   5036 |  11 |  689.2 |
       Dungeon |   6916 |   6540 |    376 |    349 |   4660 |   9 |  768.4 |
        Temple |    149 |    149 |      0 |      0 |    131 |   1 |  149.0 |
       Ossuary |    515 |    515 |      0 |      0 |    245 |   1 |  515.0 |
               +--------+--------+--------+--------+--------+-----+--------+

Top non-repeatable levels by time:
     D:5: 1322 daAuts
     D:7: 1101 daAuts
     D:8: 1006 daAuts
     D:1: 745 daAuts
     D:3: 705 daAuts
     D:6: 693 daAuts
     D:4: 611 daAuts
     D:2: 543 daAuts
 Ossuary: 515 daAuts
     D:9: 186 daAuts
  Temple: 149 daAuts
